[Event "GER-ch Youth U10W 2020"]
[Site "Willingen"]
[Date "2020.10.28"]
[Round "3.8"]
[White "Halas, Neele Zoe"]
[Black "Zhou, Leyi Charlotte"]
[Result "1-0"]
[ECO "C45"]
[WhiteElo "1295"]
[BlackElo "1071"]
[Annotator "NA"]
[PlyCount "101"]
[EventDate "2020.10.27"]
[EventType "swiss"]
[EventRounds "7"]
[EventCountry "GER"]
[SourceTitle "playchess.com"]
[Source "ChessBase"]
[SourceQuality "1"]
[TimeControl "40/4500+30:900+30"]

1. e4 e5 2. Nf3 Nc6 3. d4 exd4 4. Nxd4 Nf6 5. Nxc6 bxc6 6. e5 Qe7 7. Qe2 Nd5 8. c4 Ba6 9. b3 g6 10. Ba3 Qe6 11. Bxf8 Rxf8 12. cxd5 cxd5 13. Qxa6 Qxe5+ 14. Qe2 Qxe2+ 15. Bxe2 O-O-O 16. O-O Rfe8 17. Bf3 Re5 18. Nc3 c6 19. Rfe1 Rde8 20. Rxe5 Rxe5 21. Kf1 d4 22. Ne4 f5 23. Nd6+ Kc7 24. Nc4 Rc5 25. Rd1 d5 26. Ne5 Kd6 27. Nd3 Rc3 28. Ke2 c5 29. Rc1 Rxc1 30. Nxc1 c4 31. bxc4 dxc4 32. Kd2 Kc5 33. Ne2 d3 34. Nc3 h5 35. h4 a5 36. a4 Kb4 37. Bd5 f4 38. Bf7 f3 39. gxf3 g5 40. hxg5 h4 41. Be6 h3 42. Bxh3 Kb3 43. g6 Kb2 44. g7 Ka1 45. g8=Q Kb2 46. Qxc4 Ka3 47. Nb5+ Kb2 48. Qc3+ Kb1 49. Kxd3 Ka2 50. Be6+ Kb1 51. Na3# 1-0

[Event "GER-ch Youth U10W 2020"]
[Site "Willingen"]
[Date "2020.10.28"]
[Round "3.9"]
[White "Mehner, Clara"]
[Black "Kutz, Ida Klara"]
[Result "0-1"]
[ECO "B40"]
[WhiteElo "1244"]
[BlackElo "997"]
[Annotator "NA"]
[PlyCount "116"]
[EventDate "2020.10.27"]
[EventType "swiss"]
[EventRounds "7"]
[EventCountry "GER"]
[SourceTitle "playchess.com"]
[Source "ChessBase"]
[SourceQuality "1"]
[TimeControl "40/4500+30:900+30"]

1. e4 c5 2. Nf3 e6 3. d4 cxd4 4. Nxd4 d5 5. Nc3 Nf6 6. Bd3 Bc5 7. Be3 O-O 8. O-O dxe4 9. Bxe4 Bxd4 10. Bxd4 Nxe4 11. Nxe4 Nc6 12. Bc3 Qh4 13. f4 Ne7 14. Rf3 Ng6 15. Nf2 Nxf4 16. Rg3 Ng6 17. Rh3 Qe7 18. Qd4 e5 19. Qe4 Bxh3 20. Bb4 Qe6 21. Nxh3 Rfe8 22. Qxb7 e4 23. Qb5 e3 24. Qe2 Qe4 25. Bc5 Rac8 26. b4 Rcd8 27. Ng5 Qe5 28. Nf3 Qxa1+ 29. Ne1 Rd1 30. Kf1 Rxe1+ 31. Qxe1 Qxe1+ 32. Kxe1 e2 33. g3 f5 34. Bd4 f4 35. gxf4 Nxf4 36. Bf2 Ng2+ 37. Kd2 e1=Q+ 38. Bxe1 Nxe1 39. Kd1 Kf7 40. Kc1 Rc8 41. Kd2 Nxc2 42. Kd3 Nxb4+ 43. Kd4 Nxa2 44. Kd5 Re8 45. Kd4 Nb4 46. h3 Nc6+ 47. Kd5 Nb8 48. Kd6 a5 49. Kc5 Rd8 50. Kb5 Rd1 51. Kxa5 Rb1 52. Ka4 Nd7 53. Ka3 Ke6 54. Ka2 Rb8 55. Ka3 Kd5 56. h4 h5 57. Ka4 Kc5 58. Ka5 Ra8# 0-1

[Event "GER-ch Youth U10W 2020"]
[Site "Willingen"]
[Date "2020.10.28"]
[Round "3.10"]
[White "Manakov, Luisa"]
[Black "Hoffmann, Svenja"]
[Result "0-1"]
[ECO "C44"]
[WhiteElo "1103"]
[BlackElo "1219"]
[Annotator "NA"]
[PlyCount "56"]
[EventDate "2020.10.27"]
[EventType "swiss"]
[EventRounds "7"]
[EventCountry "GER"]
[SourceTitle "playchess.com"]
[Source "ChessBase"]
[SourceQuality "1"]
[TimeControl "40/4500+30:900+30"]

1. e4 e5 2. Nf3 Nc6 3. d4 exd4 4. Nxd4 Bb4+ 5. c3 Bc5 6. Be3 Bb6 7. Nxc6 bxc6 8. Bc4 Ne7 9. O-O O-O 10. Nd2 d5 11. Bd3 Be6 12. Qh5 Qd7 13. exd5 Bf5 14. dxc6 Qxd3 15. Bf4 Nxc6 16. Nf3 Rfe8 17. Ng5 Bg6 18. Qh4 Ne5 19. Rad1 Qb5 20. b3 Qa5 21. a4 Qxc3 22. Rfe1 Nd3 23. Rxe8+ Rxe8 24. Bd2 Qxb3 25. Qg4 Nxf2 26. Qf3 Nxd1+ 27. Kf1 Qc4+ 28. Qe2 Qxe2# 0-1

[Event "GER-ch Youth U10W 2020"]
[Site "Willingen"]
[Date "2020.10.28"]
[Round "3.11"]
[White "Bakó, Isabella"]
[Black "Tran, Hanna Emilie Mai Hoa"]
[Result "1-0"]
[ECO "C42"]
[WhiteElo "1153"]
[BlackElo "986"]
[Annotator "NA"]
[PlyCount "55"]
[EventDate "2020.10.27"]
[EventType "swiss"]
[EventRounds "7"]
[EventCountry "GER"]
[SourceTitle "playchess.com"]
[Source "ChessBase"]
[SourceQuality "1"]
[TimeControl "40/4500+30:900+30"]

1. e4 e5 2. Nf3 Nf6 3. Nxe5 d6 4. Nf3 Nxe4 5. Nc3 Nxc3 6. dxc3 Bg4 7. Be3 Nc6 8. Be2 Be7 9. Qd2 Qd7 10. O-O-O O-O-O 11. Nd4 Bxe2 12. Qxe2 Ne5 13. Nf3 Nxf3 14. Qxf3 Qa4 15. Kb1 f6 16. Rhe1 Qb5 17. Qg4+ Kb8 18. Bxa7+ Kxa7 19. Rxe7 Qc6 20. Qxg7 Rc8 21. Qxf6 Rhg8 22. Qf5 Rxg2 23. Qxc8 Qd5 24. Rc1 Rxh2 25. Qxc7 h5 26. c4 Qh1 27. Qa5+ Kb8 28. Re8# 1-0

[Event "GER-ch Youth U10W 2020"]
[Site "Willingen"]
[Date "2020.10.28"]
[Round "3.12"]
[White "Strübel, Katharina"]
[Black "Richter, Johanna"]
[Result "1-0"]
[ECO "B30"]
[WhiteElo "1091"]
[BlackElo "1150"]
[Annotator "NA"]
[PlyCount "99"]
[EventDate "2020.10.27"]
[EventType "swiss"]
[EventRounds "7"]
[EventCountry "GER"]
[SourceTitle "playchess.com"]
[Source "ChessBase"]
[SourceQuality "1"]
[TimeControl "40/4500+30:900+30"]

1. e4 c5 2. Nf3 Nc6 3. Bb5 e6 4. Bxc6 bxc6 5. d3 g6 6. Nc3 Bg7 7. Be3 Ne7 8. Bxc5 d6 9. Be3 O-O 10. Qd2 Bd7 11. O-O-O c5 12. Bh6 Rb8 13. Bxg7 Kxg7 14. h4 Qb6 15. b3 a5 16. h5 Rg8 17. hxg6 fxg6 18. Qh6+ Kf7 19. Qxh7+ Ke8 20. Ng5 Rf8 21. Qh8 Bc8 22. Qg7 Rb7 23. Rh8 Rxh8 24. Qxh8+ Kd7 25. Qf6 d5 26. exd5 exd5 27. Qxe7+ Kxe7 28. Nxd5+ Kf8 29. Nxb6 Rxb6 30. Ne4 Bb7 31. Nxc5 Bxg2 32. Nd7+ Kf7 33. Nxb6 Kf6 34. d4 Ke6 35. d5+ Kd6 36. Nc4+ Kc7 37. d6+ Kd8 38. d7 g5 39. Nb6 Bf3 40. Re1 Bh5 41. c4 a4 42. bxa4 g4 43. a5 g3 44. fxg3 Kc7 45. a6 Be2 46. Rxe2 Kxb6 47. d8=Q+ Kxa6 48. Re6+ Kb7 49. Qd7+ Kb8 50. Re8# 1-0

[Event "GER-ch Youth U10W 2020"]
[Site "Willingen"]
[Date "2020.10.28"]
[Round "3.13"]
[White "Blaufuß, Lena"]
[Black "Zhou, Jenny"]
[Result "1-0"]
[ECO "C54"]
[WhiteElo "1073"]
[BlackElo "1131"]
[Annotator "NA"]
[PlyCount "65"]
[EventDate "2020.10.27"]
[EventType "swiss"]
[EventRounds "7"]
[EventCountry "GER"]
[SourceTitle "playchess.com"]
[Source "ChessBase"]
[SourceQuality "1"]
[TimeControl "40/4500+30:900+30"]

1. e4 e5 2. Nf3 Nc6 3. Bc4 Bc5 4. c3 Nf6 5. d4 exd4 6. cxd4 Bb4+ 7. Bd2 Bxd2+ 8. Nbxd2 d5 9. exd5 Nxd5 10. Qb3 Be6 11. Qxb7 Nce7 12. Bb5+ Bd7 13. Bxd7+ Kf8 14. Ba4 Nb6 15. Qa6 Nxa4 16. Qxa4 Nd5 17. O-O Nf4 18. Ne4 h5 19. h4 Qd5 20. Rae1 Re8 21. Neg5 Ra8 22. Re5 Qd6 23. Rfe1 c6 24. Qb3 Qf6 25. R5e4 Nd5 26. Ne5 Qd8 27. Nexf7 Qb6 28. Qf3 Nf6 29. Nxh8 Qb8 30. Ng6+ Kg8 31. Re6 Qc7 32. Qb3 Rf8 33. Re8+ 1-0

[Event "GER-ch Youth U10W 2020"]
[Site "Willingen"]
[Date "2020.10.28"]
[Round "3.14"]
[White "Le, Thao-Linh"]
[Black "Nalam, Mokshadha"]
[Result "1-0"]
[ECO "C30"]
[WhiteElo "1121"]
[BlackElo "962"]
[Annotator "NA"]
[PlyCount "53"]
[EventDate "2020.10.27"]
[EventType "swiss"]
[EventRounds "7"]
[EventCountry "GER"]
[SourceTitle "playchess.com"]
[Source "ChessBase"]
[SourceQuality "1"]
[TimeControl "40/4500+30:900+30"]

1. e4 e5 2. f4 Bc5 3. Nf3 d6 4. c3 Nf6 5. d4 exd4 6. cxd4 Bb6 7. Nc3 O-O 8. Bd3 Re8 9. O-O Nc6 10. Bc2 Bg4 11. Be3 d5 12. e5 Nd7 13. h3 Bh5 14. Qe1 f6 15. Nxd5 Bf7 16. Nc3 Ba5 17. Qh4 h6 18. a3 Ne7 19. b4 Bb6 20. Rad1 Bg6 21. Bxg6 Nxg6 22. Qg4 Ne7 23. f5 Kf8 24. e6 Ng8 25. Qg6 Qe7 26. Nd5 Ne5 27. Nxe5 1-0

[Event "GER-ch Youth U10W 2020"]
[Site "Willingen"]
[Date "2020.10.28"]
[Round "3.15"]
[White "Stepanjan, Tatevik Mia"]
[Black "Jäger, Viktoria"]
[Result "1-0"]
[ECO "C65"]
[WhiteElo "1030"]
[BlackElo "1114"]
[Annotator "NA"]
[PlyCount "81"]
[EventDate "2020.10.27"]
[EventType "swiss"]
[EventRounds "7"]
[EventCountry "GER"]
[SourceTitle "playchess.com"]
[Source "ChessBase"]
[SourceQuality "1"]
[TimeControl "40/4500+30:900+30"]

1. e4 e5 2. Nf3 Nc6 3. Bb5 Nf6 4. d3 a6 5. Bxc6 dxc6 6. Nxe5 Ng8 7. Nc3 Nf6 8. Bg5 Bc5 9. O-O Qd6 10. Nf3 Bg4 11. e5 Bxf3 12. exd6 Bxd1 13. Raxd1 Bxd6 14. Rfe1+ Be7 15. Rd2 h6 16. Bxf6 gxf6 17. Rde2 O-O-O 18. Rxe7 Rh7 19. Na4 Rg7 20. Nc5 Rgg8 21. Rxf7 Rd5 22. b4 b6 23. Ne4 f5 24. Nf6 Rdd8 25. Nxg8 Rxg8 26. Rxf5 Kd8 27. Rf7 Rh8 28. Ree7 Rg8 29. Rxc7 Ke8 30. d4 Kd8 31. Rxc6 Rg5 32. Rxb6 Kc8 33. Rbb7 Rg8 34. d5 a5 35. bxa5 Rg6 36. Ra7 Kb8 37. Rae7 Rg8 38. d6 Rd8 39. d7 h5 40. Re8 Rxe8 41. dxe8=Q# 1-0

[Event "GER-ch Youth U10W 2020"]
[Site "Willingen"]
[Date "2020.10.28"]
[Round "3.16"]
[White "Zimmermann, Lilly Marie"]
[Black "Wolf, Anna"]
[Result "1-0"]
[ECO "C45"]
[WhiteElo "851"]
[BlackElo "1098"]
[Annotator "NA"]
[PlyCount "23"]
[EventDate "2020.10.27"]
[EventType "swiss"]
[EventRounds "7"]
[EventCountry "GER"]
[SourceTitle "playchess.com"]
[Source "ChessBase"]
[SourceQuality "1"]
[TimeControl "40/4500+30:900+30"]

1. e4 e5 2. Nf3 Nc6 3. d4 exd4 4. Nxd4 Bc5 5. Nxc6 Qf6 6. f3 dxc6 7. Bc4 Ne7 8. Bd3 O-O 9. Qe2 b6 10. e5 Qe6 11. Qe4 Bb7 12. Qxh7# 1-0

[Event "GER-ch Youth U10W 2020"]
[Site "Willingen"]
[Date "2020.10.28"]
[Round "3.17"]
[White "Rössling, Laura Marie"]
[Black "Heidtkamp, Anna"]
[Result "0-1"]
[ECO "C54"]
[WhiteElo "937"]
[BlackElo "1078"]
[Annotator "NA"]
[PlyCount "100"]
[EventDate "2020.10.27"]
[EventType "swiss"]
[EventRounds "7"]
[EventCountry "GER"]
[SourceTitle "playchess.com"]
[Source "ChessBase"]
[SourceQuality "1"]
[TimeControl "40/4500+30:900+30"]

1. e4 e5 2. Nf3 Nc6 3. Bc4 Bc5 4. c3 Nf6 5. d4 exd4 6. cxd4 Bb4+ 7. Nc3 d5 8. exd5 Nxd5 9. O-O Nxc3 10. Qe1+ Qe7 11. Qxe7+ Bxe7 12. bxc3 Bg4 13. d5 Bxf3 14. gxf3 Ne5 15. Bb5+ c6 16. dxc6 bxc6 17. Be2 O-O 18. Rd1 Ng6 19. Rb1 Rab8 20. Be3 Bf6 21. Bxa7 Rxb1 22. Rxb1 Bxc3 23. Bc5 Re8 24. Kf1 Nf4 25. Bc4 Nd5 26. Bxd5 cxd5 27. Bb4 Be5 28. Re1 Re6 29. Rc1 h6 30. a4 d4 31. Rc8+ Kh7 32. Ra8 Bd6 33. Bxd6 Rxd6 34. a5 d3 35. Ke1 Re6+ 36. Kd2 Re2+ 37. Kxd3 Rxf2 38. Ke3 Rxh2 39. a6 Ra2 40. a7 h5 41. Kd4 h4 42. Kc5 h3 43. Kb6 h2 44. Kb7 h1=Q 45. Rc8 Qxf3+ 46. Kb8 Rb2+ 47. Kc7 Qb7+ 48. Kd8 Qxa7 49. Ke8 Re2+ 50. Kf8 Qe7# 0-1

[Event "GER-ch Youth U10W 2020"]
[Site "Willingen"]
[Date "2020.10.28"]
[Round "3.18"]
[White "Peglau, Lorena"]
[Black "Tu, Audrey"]
[Result "1-0"]
[ECO "A25"]
[WhiteElo "1061"]
[BlackElo "754"]
[Annotator "NA"]
[PlyCount "63"]
[EventDate "2020.10.27"]
[EventType "swiss"]
[EventRounds "7"]
[EventCountry "GER"]
[SourceTitle "playchess.com"]
[Source "ChessBase"]
[SourceQuality "1"]
[TimeControl "40/4500+30:900+30"]

1. c4 e5 2. Nc3 Nc6 3. g3 Nf6 4. Bg2 Bc5 5. b3 d6 6. Bb2 Bg4 7. Qc2 Qd7 8. e3 a6 9. Nd5 h6 10. Bc3 Ba7 11. Qb2 O-O-O 12. d4 e4 13. Nxf6 gxf6 14. Bxe4 Rde8 15. Bg2 Rhg8 16. d5 Ne7 17. Bxf6 Qf5 18. Rc1 Rg6 19. Bc3 h5 20. Bb4 c5 21. Ba5 b6 22. Bd2 b5 23. f3 Bxf3 24. Nxf3 bxc4 25. Nh4 Qg5 26. e4 Qf6 27. Bc3 Qg5 28. Nxg6 Qxg6 29. Bh3+ Kb7 30. bxc4+ Kc7 31. Ba5+ Bb6 32. Qxb6# 1-0

[Event "GER-ch Youth U10W 2020"]
[Site "Willingen"]
[Date "2020.10.28"]
[Round "3.19"]
[White "Le, Thi An"]
[Black "Margaryan, Mari"]
[Result "1-0"]
[ECO "C54"]
[WhiteElo "976"]
[BlackElo "690"]
[Annotator "NA"]
[PlyCount "51"]
[EventDate "2020.10.27"]
[EventType "swiss"]
[EventRounds "7"]
[EventCountry "GER"]
[SourceTitle "playchess.com"]
[Source "ChessBase"]
[SourceQuality "1"]
[TimeControl "40/4500+30:900+30"]

1. e4 e5 2. Nf3 Nc6 3. Bc4 Bc5 4. c3 Nf6 5. d4 exd4 6. cxd4 Bb4+ 7. Bd2 Bxd2+ 8. Nbxd2 d5 9. exd5 Nxd5 10. O-O O-O 11. h3 Nce7 12. Re1 Bf5 13. Qb3 Re8 14. Re5 Be6 15. Rae1 c6 16. R1e4 a5 17. Rh4 a4 18. Qc2 Ng6 19. Reh5 Nxh4 20. Qxh7+ Kf8 21. Rxh4 Qc8 22. Qh5 Ke7 23. Ne5 Rh8 24. Qg5+ f6 25. Qxg7+ Kd6 26. Ne4# 1-0

[Event "GER-ch Youth U10W 2020"]
[Site "Willingen"]
[Date "2020.10.28"]
[Round "3.20"]
[White "Amrhein, Yana"]
[Black "Mo, Keyou"]
[Result "0-1"]
[ECO "A08"]
[WhiteElo "747"]
[BlackElo "950"]
[Annotator "NA"]
[PlyCount "56"]
[EventDate "2020.10.27"]
[EventType "swiss"]
[EventRounds "7"]
[EventCountry "GER"]
[SourceTitle "playchess.com"]
[Source "ChessBase"]
[SourceQuality "1"]
[TimeControl "40/4500+30:900+30"]

1. Nf3 d5 2. g3 c5 3. Bg2 Nc6 4. O-O e6 5. d3 Nf6 6. b3 Bd6 7. Bb2 O-O 8. c4 e5 9. Nfd2 Be6 10. Nf3 d4 11. e3 Rb8 12. exd4 cxd4 13. Nbd2 b5 14. cxb5 Rxb5 15. Ng5 Bg4 16. Qe1 Bb4 17. Bxc6 Rb6 18. Bg2 Nd7 19. Qe4 Qxg5 20. Nf3 Bxf3 21. Bxf3 Nc5 22. Qe2 Qf5 23. Kg2 Nxd3 24. Qc2 Rc8 25. Qe2 Nxb2 26. Qxb2 Rh6 27. Rac1 Qh3+ 28. Kg1 Qxh2# 0-1

[Event "GER-ch Youth U10W 2020"]
[Site "Willingen"]
[Date "2020.10.29"]
[Round "4.1"]
[White "Woiteck, Sophia"]
[Black "Sickmann, Lisa"]
[Result "0-1"]
[ECO "A45"]
[WhiteElo "1065"]
[BlackElo "1510"]
[Annotator "NA RC"]
[PlyCount "36"]
[EventDate "2020.10.27"]
[EventType "swiss"]
[EventRounds "7"]
[EventCountry "GER"]
[SourceTitle "playchess.com"]
[Source "ChessBase"]
[SourceQuality "1"]
[TimeControl "40/4500+30:900+30"]

1. d4 Nf6 2. Bf4 e6 3. e3 Be7 4. c4 d5 5. c5 c6 6. Nd2 b6 7. b4 a5 8. a3 Ba6 9. Be2 Bxe2 10. Qxe2 axb4 11. Nb3 bxa3 12. Qc2 bxc5 13. Nxc5 Qa5+ 14. Kd1 Bxc5 15. Qxc5 Qxc5 16. dxc5 Nbd7 17. Kc2 Nxc5 18. Kc3 Nce4+ 0-1

[Event "GER-ch Youth U10W 2020"]
[Site "Willingen"]
[Date "2020.10.29"]
[Round "4.3"]
[White "Meier, Viktoria"]
[Black "Czäczine, Paula"]
[Result "0-1"]
[ECO "D00"]
[WhiteElo "1316"]
[BlackElo "1127"]
[Annotator "NA RC"]
[PlyCount "44"]
[EventDate "2020.10.27"]
[EventType "swiss"]
[EventRounds "7"]
[EventCountry "GER"]
[SourceTitle "playchess.com"]
[Source "ChessBase"]
[SourceQuality "1"]
[TimeControl "40/4500+30:900+30"]

1. d4 d5 2. Bf4 c5 3. e3 Nc6 4. c3 f6 5. Nf3 g5 6. Bg3 h5 7. h3 Nh6 8. Bd3 Bf5 9. Bxf5 Nxf5 10. Bh2 g4 11. hxg4 hxg4 12. Qd3 Qd7 13. Nfd2 O-O-O 14. e4 dxe4 15. Nxe4 Qe6 16. Nbd2 cxd4 17. cxd4 Rxd4 18. Qe2 Qd5 19. Qxg4 Rg8 20. Qf4 Nd6 21. O-O f5 22. Nc3 Qxg2# 0-1

[Event "GER-ch Youth U10W 2020"]
[Site "Willingen"]
[Date "2020.10.29"]
[Round "4.4"]
[White "Schube, Theresa"]
[Black "Halas, Neele Zoe"]
[Result "1-0"]
[ECO "C57"]
[WhiteElo "1131"]
[BlackElo "1295"]
[Annotator "NA RC"]
[PlyCount "105"]
[EventDate "2020.10.27"]
[EventType "swiss"]
[EventRounds "7"]
[EventCountry "GER"]
[SourceTitle "playchess.com"]
[Source "ChessBase"]
[SourceQuality "1"]
[TimeControl "40/4500+30:900+30"]

1. e4 e5 2. Nf3 Nc6 3. Bc4 Nf6 4. Ng5 d5 5. exd5 Nd4 6. c3 Nf5 7. Qb3 Nd6 8. Bb5+ Nxb5 9. Qxb5+ Qd7 10. Qxd7+ Nxd7 11. d4 exd4 12. cxd4 Bd6 13. O-O O-O 14. Re1 Nf6 15. Nc3 Bb4 16. Re5 a6 17. Nge4 Nxe4 18. Rxe4 b6 19. a3 Bd6 20. Bf4 Bxf4 21. Rxf4 Bb7 22. Re4 Rfe8 23. Rae1 Kf8 24. f3 f5 25. Re5 g6 26. g4 fxg4 27. fxg4 Rad8 28. Rxe8+ Rxe8 29. Rxe8+ Kxe8 30. Kf2 Ke7 31. Ke3 h6 32. h4 Kd6 33. h5 gxh5 34. gxh5 Bxd5 35. Ne4+ Bxe4 36. Kxe4 Ke6 37. d5+ Kf6 38. Kf4 a5 39. a4 Kg7 40. Ke5 Kf7 41. Kf5 Kg7 42. Ke6 Kg8 43. Kd7 Kf7 44. Kxc7 Kf6 45. d6 Kg5 46. d7 Kxh5 47. d8=Q b5 48. Qg8 bxa4 49. Kd6 a3 50. bxa3 a4 51. Ke5 Kh4 52. Kf4 h5 53. Qg3# 1-0

[Event "GER-ch Youth U10W 2020"]
[Site "Willingen"]
[Date "2020.10.29"]
[Round "4.5"]
[White "Le, Thao-Linh"]
[Black "Trunz, Tamila"]
[Result "0-1"]
[ECO "C26"]
[WhiteElo "1121"]
[BlackElo "1379"]
[Annotator "NA RC"]
[PlyCount "46"]
[EventDate "2020.10.27"]
[EventType "swiss"]
[EventRounds "7"]
[EventCountry "GER"]
[SourceTitle "playchess.com"]
[Source "ChessBase"]
[SourceQuality "1"]
[TimeControl "40/4500+30:900+30"]

1. e4 e5 2. Nc3 Nf6 3. g3 Bc5 4. Bg2 c6 5. Nge2 d5 6. d4 exd4 7. Nxd4 Qb6 8. Nce2 Nxe4 9. Bxe4 dxe4 10. O-O O-O 11. Qd2 Rd8 12. c3 Bh3 13. Re1 Nd7 14. b4 Be7 15. Nf4 Bg5 16. Qe2 Bxf4 17. Bxf4 Nf6 18. a4 Re8 19. Qc4 Nd5 20. Bd6 Qd8 21. Bc5 Qf6 22. Qe2 b6 23. Nxc6 bxc5 0-1

[Event "GER-ch Youth U10W 2020"]
[Site "Willingen"]
[Date "2020.10.29"]
[Round "4.6"]
[White "Neininger, Sarah"]
[Black "Strübel, Katharina"]
[Result "1-0"]
[ECO "C55"]
[WhiteElo "1469"]
[BlackElo "1091"]
[Annotator "NA RC"]
[PlyCount "111"]
[EventDate "2020.10.27"]
[EventType "swiss"]
[EventRounds "7"]
[EventCountry "GER"]
[SourceTitle "playchess.com"]
[Source "ChessBase"]
[SourceQuality "1"]
[TimeControl "40/4500+30:900+30"]

1. e4 e5 2. Nf3 Nc6 3. d4 exd4 4. Bc4 Nf6 5. e5 d5 6. Bb5 Ne4 7. Nxd4 Bd7 8. Bxc6 Bxc6 9. Nxc6 bxc6 10. O-O Be7 11. Be3 O-O 12. f3 Nc5 13. f4 Rb8 14. Bd4 f6 15. exf6 Bxf6 16. Bxc5 Bxb2 17. Bxf8 Bxa1 18. Bc5 Rb2 19. Nc3 Qf6 20. Bd4 Qf5 21. Rf2 Rb8 22. Qxa1 Re8 23. Bxa7 Qf6 24. Rf3 Re6 25. Qb1 Qe7 26. Bf2 c5 27. Nxd5 Qd7 28. Qb8+ Kf7 29. Qxc7 Qxc7 30. Nxc7 Rd6 31. Rd3 Rxd3 32. cxd3 Ke7 33. Bxc5+ Kd7 34. Na6 Kc6 35. Bf8 g6 36. a4 Kb6 37. Nb4 Ka5 38. d4 Kxa4 39. Kf2 Kb5 40. Ke3 Kb6 41. Ke4 Kc7 42. Ke5 Kd8 43. Kd6 Ke8 44. Kc7 Kxf8 45. d5 Ke7 46. d6+ Kf6 47. g4 g5 48. fxg5+ Kxg5 49. d7 Kxg4 50. d8=Q h5 51. Qf8 Kh3 52. Qg8 h4 53. Nd3 Kxh2 54. Nf4 h3 55. Ne2 Kh1 56. Qg1# 1-0

[Event "GER-ch Youth U10W 2020"]
[Site "Willingen"]
[Date "2020.10.29"]
[Round "4.7"]
[White "Huber, Laura"]
[Black "Blaufuß, Lena"]
[Result "1-0"]
[ECO "C25"]
[WhiteElo "1249"]
[BlackElo "1073"]
[Annotator "NA RC"]
[PlyCount "81"]
[EventDate "2020.10.27"]
[EventType "swiss"]
[EventRounds "7"]
[EventCountry "GER"]
[SourceTitle "playchess.com"]
[Source "ChessBase"]
[SourceQuality "1"]
[TimeControl "40/4500+30:900+30"]

1. e4 e5 2. Nc3 Nc6 3. f4 Bc5 4. fxe5 Bxg1 5. Rxg1 Nxe5 6. d4 Ng6 7. g3 d6 8. Be3 Bd7 9. Bg2 Qe7 10. Qe2 Nf6 11. h3 Bc6 12. Qd3 O-O 13. O-O-O Rfb8 14. Rdf1 b5 15. e5 Bxg2 16. Rxg2 dxe5 17. Nxb5 e4 18. Qe2 Qb4 19. c4 c6 20. Nc7 a5 21. Nxa8 Rxa8 22. Qc2 a4 23. Qc3 Qxc3+ 24. bxc3 a3 25. Kc2 Rb8 26. Rb1 Rd8 27. Rb7 Nf8 28. Kb3 Ra8 29. Rb6 N8d7 30. Rxc6 h6 31. Rf2 Ra5 32. g4 Ra8 33. Bf4 g5 34. Be5 Nxe5 35. dxe5 Ne8 36. Re2 Rd8 37. Kc2 Rd3 38. Rxh6 Kg7 39. Ra6 Rxh3 40. Rxe4 Rg3 41. Rxa3 1-0

[Event "GER-ch Youth U10W 2020"]
[Site "Willingen"]
[Date "2020.10.29"]
[Round "4.8"]
[White "Hoffmann, Svenja"]
[Black "Stepanjan, Tatevik Mia"]
[Result "1-0"]
[ECO "B23"]
[WhiteElo "1219"]
[BlackElo "1030"]
[Annotator "NA RC"]
[PlyCount "90"]
[EventDate "2020.10.27"]
[EventType "swiss"]
[EventRounds "7"]
[EventCountry "GER"]
[SourceTitle "playchess.com"]
[Source "ChessBase"]
[SourceQuality "1"]
[TimeControl "40/4500+30:900+30"]

1. e4 c5 2. Nc3 Nc6 3. f4 d6 4. Nf3 Nf6 5. Bc4 Bg4 6. O-O g6 7. d3 Bg7 8. Qe1 e5 9. Ng5 O-O 10. Nd5 Nd4 11. Qh4 h6 12. Nxf6+ Qxf6 13. Bd2 Be2 14. Rf2 hxg5 15. fxg5 Qe7 16. c3 Bh5 17. cxd4 cxd4 18. g4 Bxg4 19. Qxg4 Rac8 20. Bxf7+ Rxf7 21. Qxc8+ Bf8 22. Rxf7 Qxf7 23. Rf1 Qg7 24. Bb4 Qe7 25. Rf6 Kh7 26. Bxd6 Qg7 27. Bxf8 Qg8 28. Qxb7+ Kh8 29. Qxa7 Qh7 30. Qa6 Qh4 31. Bg7+ Kh7 32. Rxg6 Qg4+ 33. Kf2 Qf4+ 34. Ke2 Qe3+ 35. Kd1 Qg1+ 36. Kc2 Qf2+ 37. Kb3 Qf7+ 38. Re6 Kxg7 39. h4 Kg8 40. g6 Qd7 41. Rb6 Qc7 42. Qa8+ Kg7 43. Rb7 Qxb7+ 44. Qxb7+ Kxg6 45. a4 Kh5 1-0

[Event "GER-ch Youth U10W 2020"]
[Site "Willingen"]
[Date "2020.10.29"]
[Round "4.9"]
[White "Kutz, Ida Klara"]
[Black "Bakó, Isabella"]
[Result "1-0"]
[ECO "D30"]
[WhiteElo "997"]
[BlackElo "1153"]
[Annotator "NA RC"]
[PlyCount "140"]
[EventDate "2020.10.27"]
[EventType "swiss"]
[EventRounds "7"]
[EventCountry "GER"]
[SourceTitle "playchess.com"]
[Source "ChessBase"]
[SourceQuality "1"]
[TimeControl "40/4500+30:900+30"]

1. d4 d5 2. c4 e6 3. e3 Nf6 4. Nf3 b6 5. Ne5 Bb7 6. Nc3 Nbd7 7. Bd3 Bd6 8. Nxd7 Qxd7 9. O-O O-O 10. Re1 c5 11. Nb5 Bb8 12. Nc3 Qc6 13. cxd5 Nxd5 14. Qh5 Nf6 15. Qh3 a6 16. dxc5 Qxc5 17. e4 e5 18. Qg3 Nh5 19. Qg5 Nf4 20. Bxf4 exf4 21. Qxc5 bxc5 22. Na4 Ba7 23. Rab1 Rab8 24. b4 Bc6 25. Nxc5 Bb5 26. Bxb5 Bxc5 27. bxc5 Rxb5 28. Rxb5 axb5 29. Rb1 Rd8 30. c6 Kf8 31. g3 fxg3 32. hxg3 Rc8 33. Rxb5 Rxc6 34. Rb1 Rc2 35. Ra1 Ke7 36. Kg2 Kd6 37. Rh1 h6 38. Ra1 Ke5 39. a4 Kxe4 40. a5 Rc7 41. f3+ Kd5 42. Rd1+ Ke6 43. Re1+ Kf5 44. g4+ Kf6 45. Kg3 g5 46. f4 gxf4+ 47. Kxf4 Rc4+ 48. Re4 Rc6 49. Re5 Ra6 50. Rh5 Kg6 51. Rb5 f6 52. Ke4 Kf7 53. Kd4 Ke6 54. Rb6+ Rxb6 55. axb6 Kd6 56. b7 Kc7 57. Kd5 Kxb7 58. Ke6 Kc7 59. Kxf6 Kd6 60. Kg6 Ke6 61. Kxh6 Kf6 62. g5+ Kf7 63. Kh7 Kf8 64. g6 Ke7 65. g7 Kf6 66. g8=Q Ke7 67. Qg6 Kd7 68. Qf6 Kc7 69. Qe6 Kb7 70. Qd6 Ka8 1-0

[Event "GER-ch Youth U10W 2020"]
[Site "Willingen"]
[Date "2020.10.29"]
[Round "4.11"]
[White "John, Linnea"]
[Black "Mehner, Clara"]
[Result "1-0"]
[ECO "C02"]
[WhiteElo "1146"]
[BlackElo "1244"]
[Annotator "NA RC"]
[PlyCount "107"]
[EventDate "2020.10.27"]
[EventType "swiss"]
[EventRounds "7"]
[EventCountry "GER"]
[SourceTitle "playchess.com"]
[Source "ChessBase"]
[SourceQuality "1"]
[TimeControl "40/4500+30:900+30"]

1. e4 e6 2. d4 d5 3. e5 c5 4. c3 Nc6 5. Nf3 Qb6 6. Bd3 cxd4 7. cxd4 Bd7 8. Nc3 Nxd4 9. Nxd4 Qxd4 10. O-O Qxe5 11. Re1 Qc7 12. Nb5 Qd8 13. Bf4 Rc8 14. Nxa7 Bb4 15. Nxc8 Bxe1 16. Nd6+ Ke7 17. Qxe1 Qb6 18. Nf5+ Ke8 19. Nxg7+ Kf8 20. Nh5 Bc6 21. Be5 Qd8 22. Bxh8 Qg5 23. Qb4+ Ke8 24. Ng7+ Kd7 25. Qf8 d4 26. Qxf7+ Kc8 27. Qxg8+ Kd7 28. Qxe6+ Kc7 29. Qh3 Kb8 30. Qg3+ Qxg3 31. hxg3 Ka7 32. f4 Kb8 33. f5 Kc8 34. f6 Bd5 35. Rf1 Bf7 36. Bc4 Bxc4 37. f7 Bxf7 38. Rxf7 d3 39. Kf1 d2 40. Ke2 d1=Q+ 41. Kxd1 Kb8 42. Kc2 Ka7 43. Kc3 Kb6 44. Kb4 Kc6 45. Rf5 Kd6 46. Kc4 Kc6 47. Rd5 Kb6 48. Rc5 Ka6 49. Rb5 Ka7 50. Kc5 Kb8 51. Kb6 Kc8 52. Rd5 h6 53. Nh5 Kb8 54. Rd8# 1-0